 Dungeon Crawl Stone Soup version 0.23.1 (webtiles) character file.

Game seed: 12138203166939781906

6082 Wazzok the Spear-Bearer (level 11, -1/74 (75) HPs)
             Began as a Formicid Abyssal Knight on Mar 13, 2019.
             Was an Elder of Lugonu.
             Slain by a two-headed ogre
             ... wielding a +0 giant spiked club
              (11 damage)
             ... on level 10 of the Dungeon.
             The game lasted 00:22:58 (9132 turns).

Wazzok the Spear-Bearer (Formicid Abyssal Knight)   Turns: 9132, Time: 00:22:59

HP:   -1/74 (75)    AC: 17    Str: 20    XL:     11   Next: 12%
MP:   17/17         EV:  8    Int: 12    God:    Lugonu [****..]
Gold: 665           SH:  0    Dex: 13    Spells: 10/10 levels left

rFire    + . .     SeeInvis +   M - +1 trident of Uhini {vamp, rF+ rC++} (curse)
rCold    + + .     Gourm    .   (no shield)
rNeg     . . .     Faith    .   I - +0 chain mail
rPois    .         Spirit   .   (helmet unavailable)
rElec    .         Reflect  .   s - +2 cloak
rCorr    .         Harm     .   (no gloves)
MR       +....                  (no boots)
Stlth    ..........             C - amulet of regeneration
HPRegen  0.62/turn              p - +3 ring of dexterity
MPRegen  0.15/turn              K - +3 ring of protection

@: no status effects
A: permanent stasis, dig shafts and tunnels, four strong arms, antennae 3
a: Dig, Shaft Self, Depart the Abyss, Bend Space, Banish, Corrupt, Renounce
Religion


You were on level 10 of the Dungeon.
You worshipped Lugonu.
Lugonu was greatly pleased with you.
You were not hungry.

You visited 1 branch of the dungeon, and saw 10 of its levels.
You visited the Abyss 1 time.

You collected 665 gold pieces.

Inventory:

Hand Weapons
 a - a +1 spear
 f - a +0 scythe of protection
 F - a +0 trident
 M - the cursed +1 trident of Uhini (weapon) {vamp, rF+ rC++}
   (You found it on level 9 of the Dungeon)

   It inflicts no extra harm, but heals its wielder when it wounds a living foe.
   It protects you from fire.
   It greatly protects you from cold.
   It has a curse placed upon it.
Missiles
 j - 365 stones
 n - 4 tomahawks (quivered)
 L - a throwing net
Armour
 s - a +2 cloak (worn)
 I - a +0 chain mail (worn)
Jewellery
 h - an uncursed ring of magical power
 m - an uncursed ring of ice
 p - a +3 ring of dexterity (left hand)
 A - a +4 ring of intelligence
 C - an amulet of regeneration (around neck)
 J - an uncursed ring of magical power
 K - a +3 ring of protection (right hand)
Wands
 b - a wand of iceblast (7)
 t - a wand of digging (7)
 z - a wand of enslavement (7)
 B - a wand of paralysis (25)
 E - a wand of polymorph (13)
 H - a wand of clouds (6)
Scrolls
 d - 3 scrolls of identify
 e - a scroll of blinking {unknown}
 g - 4 scrolls of immolation
 i - a scroll of magic mapping {unknown}
 l - 2 scrolls of amnesia {unknown}
 o - 3 scrolls of noise {unknown}
 r - 2 scrolls of enchant weapon {unknown}
 x - 3 scrolls of remove curse {unknown}
 y - a scroll of enchant armour {unknown}
 D - a scroll of random uselessness {unknown}
Potions
 k - 3 potions of agility
 q - 4 potions of flight
 u - 2 potions of heal wounds
 v - a potion of invisibility {unknown}
 w - 4 potions of curing
Comestibles
 c - 18 rations
 G - a chunk of flesh


   Skills:
 - Level 3.5 Fighting
 + Level 12.5 Polearms
 + Level 7.7 Armour
 - Level 0.8 Dodging
 * Level 8.8 Invocations


You had 10 spell levels left.
You didn't know any spells.
Your spell library contained the following spells:

 Spells                   Type           Power        Failure   Level  Hunger
 Corona                   Hex            #......      95%         1    ##.....
 Magic Dart               Conj           #...         95%         1    ##.....
 Sting                    Conj/Pois      #...         95%         1    ##.....
 Call Imp                 Summ           #.......     99%         2    ###....
 Poisonous Vapours        Pois/Air       #.....       99%         2    ###....
 Slow                     Hex            #.......     99%         2    ###....
 Conjure Flame            Conj/Fire      #.......     100%        3    ####...
 Inner Flame              Hex/Fire       #.......     100%        3    ####...
 Mephitic Cloud           Conj/Pois/Air  #.......     100%        3    ####...
 Portal Projectile        Hex/Tloc       #.....       100%        3    ####...
 Cause Fear               Hex            #.........   100%        4    #####..
 Leda's Liquefaction      Hex/Erth       #.........   100%        4    #####..
 Olgreb's Toxic Radiance  Pois           #.......     100%        4    #####..
 Venom Bolt               Conj/Pois      #.........   100%        5    ######.
 Blink                    Tloc           Unusable     N/A         2    N/A

Dungeon Overview and Level Annotations

Branches:
Dungeon (10/15)            Temple (0/1) D:6            Lair (0/6) D:9
    Orc: D:9-12

Altars:
Dithmenos
Elyvilon
Gozag
Makhleb
Okawaru
Ru
Sif Muna
Trog
Xom
Zin
The Shining One
Jiyva

Shops:
D:8 !

Annotations:
D:1 exclusion: downstairs
D:2 exclusion: downstairs
D:3 1 runed translucent door, Crazy Yiuf
D:5 exclusion: downstairs
D:8 3 runed translucent doors, exclusion: downstairs, Frank's ghost, novice OpFi
Abyss:1 Psyche


Innate Abilities, Weirdness & Mutations

You cannot be hasted, slowed, berserked, paralysed or teleported.
You can dig through walls and to a lower floor.
Your four strong arms can wield two-handed weapons with a shield.
You have a pair of large antennae on your head. (SInv)


Message History

You are too injured to fight recklessly!
You are too injured to fight recklessly!
You are too injured to fight recklessly!
You are too injured to fight recklessly!
You are too injured to fight recklessly!
You hit the two-headed ogre.
You feel better.
The two-headed ogre is heavily wounded.
You puncture the two-headed ogre!
The two-headed ogre is severely wounded.
The two-headed ogre hits you with a +0 giant spiked club!!
* * * LOW HITPOINT WARNING * * *
The two-headed ogre hits you with a +0 giant club.
* * * LOW HITPOINT WARNING * * *
You hit the two-headed ogre.
You feel better.
The two-headed ogre is severely wounded.
An orc wizard comes into view. It is wielding a +0 dagger.
You puncture the two-headed ogre!
You feel better.
The two-headed ogre is almost dead.
The two-headed ogre hits you with a +0 giant spiked club!
You die...

#..
#......#
..#.
#......#
#!#
#......##
######..#
##.##
#..# ##.#
#.## #@.#
##O# oo.#
..# ...
...# ...#
...#


You could see a two-headed ogre and an orc wizard.

Vanquished Creatures
  2 two-headed ogres
  Pikel (D:7)
  A troll (D:9)
  Sigmund (D:2)
  A wyvern (D:10)
  Grum (D:9)
  A hungry ghost (D:8)
  Menkaure (D:6)
  2 ice beasts
  A slave (D:7)
  A black bear (D:7)
  A sky beast (D:8)
  2 phantoms
  2 ogres
  A necrophage (D:9)
  4 wolves (D:9)
  2 centaurs (D:5)
  3 bullfrogs
  5 scorpions
  2 electric eels
  6 crimson imps
  3 jellies (D:9)
  5 hounds
  8 orc priests
  3 centaur skeletons
  7 orc wizards
  Jessica (D:3)
  2 iguanas (D:7)
  7 worker ants
  A hound zombie (D:5)
  2 hound skeletons
  Robin (D:3)
  7 adders
  2 shadow imps (D:7)
  6 oozes
  An adder skeleton (D:7)
  A worm (D:2)
  3 dart slugs
  2 leopard geckos
  28 orcs
  4 bats
  3 giant cockroaches
  11 goblins
  6 hobgoblins
  24 jackals
  3 kobolds
  6 quokkas
  A ball python (D:5)
  6 frilled lizards
  A jackal zombie (D:5)
  A leopard gecko zombie (D:5)
  2 rats
199 creatures vanquished.

Vanquished Creatures (others)
  A jackal (D:6)
1 creature vanquished.

Grand Total: 200 creatures vanquished

Notes
Turn   | Place    | Note
-------+----------+-------------------------------------------
     0 | Abyss:1  | Wazzok the Formicid Abyssal Knight began the quest for the
                  | Orb.
     0 | Abyss:1  | Reached XP level 1. HP: 18/18 MP: 2/2
    43 | Abyss:1  | Found a corrupted altar of Lugonu.
    75 | Abyss:1  | Noticed a small abomination
    77 | Abyss:2  | Found a corrupted altar of Lugonu.
   100 | Abyss:2  | Found a radiant altar of Vehumet.
   107 | Abyss:2  | Found a radiant altar of Vehumet.
   170 | Abyss:3  | Noticed a raiju
   173 | D:1      | Escaped the Abyss
   209 | D:1      | Reached * piety under Lugonu
   449 | D:1      | Reached XP level 2. HP: 24/24 MP: 3/3
   744 | D:2      | Noticed Sigmund
  1046 | D:2      | Reached skill level 3 in Polearms
  1046 | D:2      | Reached XP level 3. HP: 29/29 MP: 4/4
  1279 | D:2      | Killed Sigmund
  1279 | D:2      | Reached skill level 5 in Polearms
  1279 | D:2      | Reached XP level 4. HP: 14/35 MP: 5/5
  1279 | D:2      | Reached XP level 5. HP: 17/41 MP: 6/6
  1311 | D:2      | Reached XP level 6. HP: 24/47 MP: 7/7
  1471 | D:2      | Found a white marble altar of Elyvilon.
  1964 | D:3      | Noticed Jessica
  1975 | D:3      | Noticed Robin
  2012 | D:3      | Reached ** piety under Lugonu
  2022 | D:3      | Found a shadowy altar of Dithmenos.
  2072 | D:3      | Killed Jessica
  2072 | D:3      | Reached skill level 6 in Polearms
  2186 | D:3      | Killed Robin
  2295 | D:3      | Found a shimmering altar of Xom.
  2351 | D:3      | Reached XP level 7. HP: 31/52 MP: 8/8
  2523 | D:3      | Found a runed translucent door.
  2524 | D:3      | Noticed Crazy Yiuf
  2623 | D:3      | Found a sacrificial altar of Ru.
  2659 | D:3      | Found a burning altar of Makhleb.
  2811 | D:3      | Reached skill level 7 in Polearms
  3064 | D:4      | Found a deep blue altar of Sif Muna.
  3752 | D:4      | Reached XP level 8. HP: 53/58 MP: 10/10
  3884 | D:5      | Entered Level 5 of the Dungeon
  3999 | D:5      | Reached *** piety under Lugonu
  4041 | D:5      | Found a bloodstained altar of Trog.
  4049 | D:5      | Found an opulent altar of Gozag.
  4058 | D:5      | Reached skill level 8 in Polearms
  4822 | D:5      | Found an opulent altar of Gozag.
  4910 | D:6      | Reached skill level 9 in Polearms
  4925 | D:6      | Noticed Menkaure
  5061 | D:6      | Found an iron altar of Okawaru.
  5159 | D:6      | Found a staircase to the Ecumenical Temple.
  5203 | D:6      | Reached XP level 9. HP: 55/64 MP: 12/12
  5569 | D:6      | Killed Menkaure
  5569 | D:6      | Reached skill level 5 in Invocations
  5800 | D:6      | Found a glowing silver altar of Zin.
  5995 | D:7      | Reached skill level 10 in Polearms
  5995 | D:7      | Reached skill level 5 in Armour
  6519 | D:7      | Reached **** piety under Lugonu
  6840 | D:7      | Noticed Pikel
  6856 | D:7      | Killed Pikel
  6989 | D:8      | Reached skill level 11 in Polearms
  6989 | D:8      | Reached XP level 10. HP: 58/70 MP: 14/14
  7036 | D:8      | Noticed a two-headed ogre
  7046 | D:8      | Killed a two-headed ogre
  7185 | D:8      | Found Gonus's Distillery.
  7396 | D:8      | Found a runed translucent gate.
  7397 | D:8      | Found a runed translucent gate.
  7397 | D:8      | Found a runed translucent gate.
  7401 | D:8      | Noticed Frank's ghost (novice OpFi)
  7405 | D:8      | Noticed a cyclops
  7685 | D:8      | Found a glowing golden altar of the Shining One.
  8101 | D:9      | Reached skill level 12 in Polearms
  8367 | D:9      | Got a warped trident
  8370 | D:9      | Identified the cursed +1 trident of Uhini {vamp, rF+ rC++}
                  | (You found it on level 9 of the Dungeon)
  8463 | D:9      | Found a viscous altar of Jiyva.
  8492 | D:9      | Noticed Grum
  8493 | D:9      | Noticed Psyche
  8531 | D:9      | Banished Psyche
  8737 | D:9      | Found a staircase to the Lair.
  8740 | D:9      | Noticed a two-headed ogre
  8752 | D:9      | Killed a two-headed ogre
  8752 | D:9      | Reached XP level 11. HP: 53/74 MP: 15/17
  8929 | D:9      | Killed Grum
  9063 | D:10     | Entered Level 10 of the Dungeon
  9116 | D:10     | Noticed a two-headed ogre
  9130 | D:10     | HP: 2/74 [two-headed ogre/+0 giant spiked club (25)]
  9132 | D:10     | Slain by a two-headed ogre

Skill      XL: |  1  2  3  4  5  6  7  8  9 10 |
---------------+-------------------------------+-----
Polearms       | 3 5 6 7 9 11 12 | 12.5
Invocations    | 3 4 6 8 |  8.8
Armour         | 3 4 5 7 |  7.7
Fighting       | |  3.5
Dodging        | |  0.8

Action                   |  1- 3 |  4- 6 |  7- 9 | 10-12 || total
-------------------------+-------+-------+-------+-------++-------
Melee: Spear             |    64 |       |       |       ||    64
       Scythe            |       |   139 |   513 |   170 ||   822
       Trident           |       |       |       |   105 ||   105
Throw: Tomahawk          |       |       |     3 |     7 ||    10
Invok: Depart the Abyss  |     1 |       |       |       ||     1
       Banish            |       |       |       |     4 ||     4
Evoke: Wand              |       |       |       |     5 ||     5
  Use: Potion            |     5 |       |     1 |       ||     6
       Scroll            |       |       |     6 |     1 ||     7
  Eat: Chunk             |     1 |     4 |    16 |     5 ||    26
       Ration            |       |       |       |     3 ||     3
Armor: Leather armour    |    11 |    40 |       |       ||    51
       Skin              |     2 |       |       |       ||     2
       Ring mail         |       |    71 |   198 |       ||   269
       Scale mail        |       |       |    59 |       ||    59
       Chain mail        |       |       |   129 |   175 ||   304
Dodge: Dodged            |    33 |   135 |   351 |   101 ||   620
